 Dungeon Crawl Stone Soup version 0.20.0-8-g6b59dc7 (webtiles) character file.

55936 4thArraOfDagon the Severer (level 14, -5/135 HPs)
             Began as a Deep Dwarf Berserker on June 1, 2017.
             Was a High Priest of Trog.
             Killed from afar by a lindwurm (14 damage)
             ... with a blast of flame
             ... on level 6 of the Lair of Beasts.
             The game lasted 00:53:45 (9009 turns).

4thArraOfDagon the Severer (Deep Dwarf Berserker)   Turns: 9009, Time: 00:53:46

Health: -5/135     AC: 29    Str: 24    XL:     14   Next: 40%
Magic:  12/12      EV: 13    Int: 14    God:    Trog [*****.]
Gold:   472        SH:  5    Dex: 14    Spells: 13/13 levels left

rFire    + . .     SeeInvis .   k - +1 battleaxe (chop)
rCold    . . .     Gourm    .   (shield currently unavailable)
rNeg     + + +     Faith    .   T - +7 fire dragon scales of Rudoerei {*Corrode +Fly rF++ rC- rN+++ Int+4}
rPois    .         Spirit   .   p - +2 helmet
rElec    .         Reflect  +   L - +0 cloak
rCorr    .         Harm     .   U - +0 pair of gloves (curse)
MR       ++++.                  V - +1 pair of boots
Stlth    ..........             e - +5 amulet of reflection
Regen    1.0/turn               A - ring of ice
MPRegen  0.2/turn               P - +2 ring of dexterity

@: lethally poisoned (-5 -> -53), non-regenerating
A: damage resistance, heal wounds, negative energy resistance 1, sense
surroundings 2, no regeneration
a: Heal Wounds, Berserk, Trog's Hand, Brothers in Arms, Burn Spellbooks,
Renounce Religion, Evoke Flight


You were on level 6 of the Lair of Beasts.
You worshipped Trog.
Trog was extremely pleased with you.
You were not hungry.

You visited 3 branches of the dungeon, and saw 23 of its levels.
You also visited: Ice Cave.

You collected 2003 gold pieces.
You spent 1531 gold pieces at shops.

Inventory:

Hand Weapons
 a - a +0 hand axe
 k - a +1 battleaxe of chopping (weapon)
Armour
 p - a +2 helmet (worn)
 L - a +0 cloak (worn)
 T - the +7 fire dragon scales of Rudoerei (worn) {*Corrode +Fly rF++ rC- rN+++ Int+4}
   (You bought it in a shop on level 11 of the Dungeon)

   It affects your intelligence (+4).
   It greatly protects you from fire.
   It makes you vulnerable to cold.
   It renders you almost immune to negative energy.
   It lets you fly.
   It may corrode you when you take damage.
 U - a cursed +0 pair of gloves (worn)
 V - a +1 pair of boots (worn)
Jewellery
 e - a +5 amulet of reflection (around neck)
 l - a +1 ring of evasion
 q - an uncursed ring of positive energy
 r - an uncursed ring of magical power
 A - a ring of ice (left hand)
 B - an uncursed ring of ice
 P - a +2 ring of dexterity (right hand)
Wands
 w - a wand of polymorph (1/24)
 x - a wand of iceblast (7/15)
 y - a wand of iceblast (3/15)
 H - a wand of confusion (20/48)
 Q - a wand of iceblast (4/15)
 R - a wand of iceblast (10/15)
 S - a wand of random effects (28/48)
 W - a wand of clouds (3/9)
 X - a wand of lightning (4/15)
 Y - a wand of flame (31/48)
Scrolls
 i - 6 scrolls of remove curse
 j - a scroll of immolation {unknown}
 o - 6 scrolls of teleportation
 t - 2 scrolls of noise
 z - 4 scrolls of recharging
 C - a scroll of amnesia
 F - a scroll of fog {unknown}
 Z - 2 scrolls of magic mapping
Potions
 b - a potion of brilliance
 d - 2 potions of degeneration
 m - 3 potions of resistance
 n - 4 potions of haste
 s - 4 potions of curing
 u - 4 potions of flight
 v - 3 potions of mutation
 G - a potion of lignification
 I - 5 potions of might
 J - a potion of heal wounds
 K - 3 potions of agility
 N - 3 potions of invisibility
Books
 f - a book of Ice

   Spells                             Type                      Level
   a - Ice Form                       Ice/Transmutation            4
   b - Metabolic Englaciation         Hexes/Ice                    5
   c - Ozocubu's Refrigeration        Ice                          6
   d - Bolt of Cold                   Conjuration/Ice              6
   e - Freezing Cloud                 Conjuration/Ice/Air          6
   f - Simulacrum                     Ice/Necromancy               6
   Trog disapproves of the use of such an item.
 g - a book of Ice

   Spells                             Type                      Level
   a - Ice Form                       Ice/Transmutation            4
   b - Metabolic Englaciation         Hexes/Ice                    5
   c - Ozocubu's Refrigeration        Ice                          6
   d - Bolt of Cold                   Conjuration/Ice              6
   e - Freezing Cloud                 Conjuration/Ice/Air          6
   f - Simulacrum                     Ice/Necromancy               6
   Trog disapproves of the use of such an item.
 E - a book of Air

   Spells                             Type                      Level
   a - Shock                          Conjuration/Air              1
   b - Swiftness                      Charms/Air                   2
   c - Static Discharge               Conjuration/Air              3
   d - Airstrike                      Air                          4
   e - Lightning Bolt                 Conjuration/Air              5
   Trog disapproves of the use of such an item.
 M - a book of Maledictions

   Spells                             Type                      Level
   a - Corona                         Hexes                        1
   b - Ensorcelled Hibernation        Hexes/Ice                    2
   c - Confuse                        Hexes                        3
   d - Tukima's Dance                 Hexes                        3
   e - Dazzling Spray                 Conjuration/Hexes            3
   Trog disapproves of the use of such an item.
Comestibles
 c - 4 bread rations
 h - 9 meat rations
 D - 10 chunks of flesh
 O - a royal jelly


   Skills:
 - Level 11.0 Fighting
 * Level 19.2 Axes
 - Level 13.0 Armour
 - Level 6.2 Dodging


You had 13 spell levels left.
You didn't know any spells.

Dungeon Overview and Level Annotations

Branches:
Dungeon (15/15)              Lair (6/6) D:10         Shoals (0/4) Lair:3
 Spider (0/4) Lair:4        Slime (0/5) Lair:6          Orc (2/2) D:11
    Elf (0/3) Orc:2
 Temple: D:4-7       Vaults: D:13-14     Depths: D:15

Altars:
Ashenzari
Fedhas
Xom
Jiyva

Shops:
D:4 ?   D:5 }}   D:11 }[=   Orc:2 (:[*

Annotations:
D:2 TSO, Natasha
Lair:2 Exporg's ghost, journeyman MiFi
Lair:4 exclusion: oklob plant
Lair:6 Thomus's ghost, journeyman MiBe


Innate Abilities, Weirdness & Mutations

You are resistant to damage.
You can heal yourself by infusing magical energy.
You resist negative energy. (rN+)
You passively map the area around you.
You do not regenerate.


Message History

You hit Thomus's ghost but do no damage.
You feel sick. Thomus's ghost hits you!!
You are more poisoned.
The catoblepas gores you!
Unknown command.
* * * LOW HITPOINT WARNING * * *
You feel very sick.
Thomus's ghost whispers, "The ORB doesn't exist."
Thomus's ghost hits you!!
* * * LOW HITPOINT WARNING * * *
You are more poisoned.
The catoblepas breathes a plume of calcifying dust at you.
The blast of calcifying dust hits you!
Unknown command.
Unknown command.
* * * LOW HITPOINT WARNING * * *
You feel extremely sick. The lindwurm breathes flames at you.
The blast of flame hits you! You resist.
You die...

,, .÷ ..÷.#..##
* ,,,,*...
...÷#...# , ,
.8.## #.T.#P.P#
.....##k..#.P.#
,
#.8.......#..P#
,
#..÷.....##..##
, #....Y.#..##
,**#...§#.## *
, ,, ##.÷W@.#*
,,,,##..§.P# ,
.....§P.#
#####P.§##
###§# ###


You could see a catoblepas, a lindwurm, a deep troll shaman and Thomus's ghost.

Vanquished Creatures
  Kirke (D:13)
  An orc warlord (Orc:2)
  Azrael (Orc:2)
  A hydra (Lair:6)
  A centaur warrior (D:14)
  3 two-headed ogres
  A tengu warrior (D:13)
  A death knight (D:12)
  4 orc high priests
  8 death yaks (Lair:6)
  A phantasmal warrior (D:12)
  4 orc knights (Orc:2)
  A necromancer (IceCv)
  A deep elf mage (D:12)
  4 orc sorcerers (Orc:2)
  2 manticores
  4 elephants (Lair:6)
  A centaur zombie (D:11)
  An ice statue (IceCv)
  A black mamba (Lair:4)
  A gargoyle (D:12)
  12 freezing wraiths
  A rime drake (Lair:6)
  5 spiny frogs
  4 komodo dragons
  4 trolls
  2 polar bears
  5 hippogriffs
  5 slime creatures
  11 blink frogs
  A shadow (D:14)
  34 yaks
  3 wraiths
  A fire elemental (Orc:2)
  6 hogs (D:13)
  A hungry ghost (D:10)
  A death yak simulacrum (IceCv)
  9 wargs
  8 water moccasins
  3 hell hounds (Orc:2)
  9 porcupines
  34 orc warriors
  8 ice beasts
  8 ogres
  2 sky beasts
  3 black bears
  A necrophage (D:6)
  A phantom (D:10)
  5 centaurs
  4 crocodiles
  6 wolves
  2 big kobolds
  A gnoll sergeant (D:6)
  21 bullfrogs
  A wyvern skeleton (D:11)
  2 scorpions
  4 killer bees
  8 wights
  2 electric eels (Lair:4)
  3 howler monkeys
  4 crimson imps
  A draconian simulacrum (IceCv)
  A bullfrog zombie (D:11)
  23 orc priests
  6 hounds
  3 bullfrog skeletons
  2 jellies
  30 orc wizards
  12 worker ants
  A polar bear simulacrum (IceCv)
  3 spriggan simulacra (IceCv)
  4 troll simulacra (IceCv)
  2 wolf simulacra (IceCv)
  4 centaur simulacra (IceCv)
  A hound zombie (D:9)
  3 worker ant zombies
  4 gnolls (D:6)
  3 adders
  5 naga simulacra (IceCv)
  3 ogre simulacra (IceCv)
  12 white imps (IceCv)
  An adder zombie (D:8)
  3 adder skeletons
  4 leopard geckos
  65 orcs
  8 giant cockroaches
  3 goblins
  8 jackals
  2 quokkas
  A ball python skeleton (D:6)
  2 frilled lizards
  A jackal zombie (D:2)
  13 kobolds
  A quokka skeleton (D:4)
  2 rats
  5 fungi
  3 plants
533 creatures vanquished.

Vanquished Creatures (collateral kills)
  The ghost of nubinia the Destroyer, a journeyman GrVM of Vehumet (Lair:6)
  2 slime creatures (D:13)
  2 blink frogs (Lair:6)
  A crimson imp (D:13)
6 creatures vanquished.

Vanquished Creatures (others)
  An orc (Orc:2)
  3 fungi
  4 plants (Lair:6)
8 creatures vanquished.

Grand Total: 547 creatures vanquished

Notes
Turn   | Place    | Note
-------+----------+-------------------------------------------
     0 | D:1      | 4thArraOfDagon the Deep Dwarf Berserker began the quest for the Orb.
     0 | D:1      | Reached XP level 1. HP: 20/20 MP: 1/1
    92 | D:2      | Noticed Natasha
   123 | D:3      | Reached XP level 2. HP: 27/27 MP: 2/2
   280 | D:4      | Found Cuila's Magic Scroll Emporium.
   288 | D:4      | NO
   288 | D:4      | Reached XP level 3. HP: 34/34 MP: 3/3
   292 | D:4      | Reached ** piety under Trog
   292 | D:4      | Reached skill level 4 in Axes
   292 | D:4      | Reached XP level 4. HP: 42/42 MP: 4/4
   311 | D:4      | Bought a scroll of teleportation for 42 gold pieces
   429 | D:5      | Entered Level 5 of the Dungeon
   492 | D:5      | Noticed a sky beast
   508 | D:5      | Killed a sky beast
   508 | D:5      | Reached skill level 5 in Axes
   508 | D:5      | Reached XP level 5. HP: 49/49 MP: 5/5
   515 | D:5      | Found a shattered altar of Ashenzari.
   555 | D:5      | Found Tasimem's Quality Used Wands.
   592 | D:5      | Found Diroagg's Gadget Shop.
   691 | D:5      | Reached XP level 6. HP: 37/57 MP: 6/6
   773 | D:5      | Noticed a water moccasin
   889 | D:6      | Reached skill level 6 in Axes
   889 | D:6      | Reached XP level 7. HP: 64/64 MP: 7/7
   945 | D:6      | Found a runed door.
   947 | D:6      | Found a runed door.
  1110 | D:7      | Reached skill level 5 in Armour
  1116 | D:7      | Reached skill level 7 in Axes
  1116 | D:7      | Reached skill level 5 in Dodging
  1116 | D:7      | Reached XP level 8. HP: 73/73 MP: 8/8
  1116 | D:7      | Reached *** piety under Trog
  1212 | D:8      | Noticed a two-headed ogre
  1219 | D:8      | Killed a two-headed ogre
  1219 | D:8      | Reached skill level 5 in Fighting
  1219 | D:8      | Reached skill level 8 in Axes
  1280 | D:8      | Found a blossoming altar of Fedhas.
  1335 | D:7      | Gained mutation: You passively map the area around you. [Deep Dwarf growth]
  1335 | D:7      | Reached XP level 9. HP: 64/81 MP: 9/9
  1471 | D:8      | Reached skill level 9 in Axes
  1526 | D:9      | Found a shimmering altar of Xom.
  1859 | D:9      | Reached skill level 10 in Axes
  1892 | D:10     | Entered Level 10 of the Dungeon
  2013 | D:12     | Noticed a gargoyle
  2053 | D:11     | Found a staircase to the Orcish Mines.
  2120 | D:11     | Found Xoluofuo's Jewellery Boutique.
  2173 | D:11     | Found Zaud's Armour Shoppe.
  2191 | D:11     | Noticed a two-headed ogre
  2205 | D:11     | Killed a two-headed ogre
  2205 | D:11     | Reached skill level 11 in Axes
  2205 | D:11     | Reached XP level 10. HP: 92/92 MP: 10/10
  2240 | D:11     | Found Ziuva's Gadget Emporium.
  2255 | D:11     | Reached **** piety under Trog
  2569 | Orc:1    | Entered Level 1 of the Orcish Mines
  2675 | Orc:2    | Entered Level 2 of the Orcish Mines
  2675 | Orc:2    | Found a staircase to the Elven Halls.
  2693 | Orc:2    | Noticed an orc high priest
  2696 | Orc:2    | Noticed an orc sorcerer
  2702 | Orc:2    | Noticed an orc high priest
  2711 | Orc:1    | Reached skill level 12 in Axes
  2947 | Orc:2    | Noticed an orange demon
  2947 | Orc:2    | Noticed a smoke demon
  3117 | Orc:2    | Noticed an orange demon
  3119 | Orc:2    | Noticed a sixfirhy
  3123 | Orc:2    | Killed an orc high priest
  3123 | Orc:2    | Reached XP level 11. HP: 103/103 MP: 11/11
  3127 | Orc:2    | Killed an orc sorcerer
  3193 | Orc:2    | Killed an orc high priest
  3196 | Orc:2    | Reached skill level 13 in Axes
  3325 | Orc:2    | Noticed Azrael
  3338 | Orc:2    | Killed Azrael
  3472 | Orc:2    | Noticed an orc knight
  3564 | Orc:2    | Killed an orc knight
  3804 | Orc:2    | Reached skill level 10 in Armour
  3830 | Orc:2    | Noticed an orc sorcerer
  3843 | Orc:2    | Killed an orc sorcerer
  3943 | Orc:1    | You fall through a shaft!
  4083 | Orc:2    | Noticed an orc knight
  4083 | Orc:2    | Noticed an orc warlord
  4083 | Orc:2    | Noticed an orc knight
  4115 | Orc:2    | Killed an orc warlord
  4115 | Orc:2    | Reached skill level 14 in Axes
  4116 | Orc:2    | Killed an orc knight
  4130 | Orc:2    | Killed an orc knight
  4142 | Orc:2    | Noticed an orc sorcerer
  4147 | Orc:2    | Killed an orc sorcerer
  4147 | Orc:2    | Reached XP level 12. HP: 50/114 MP: 12/12
  4176 | Orc:2    | Noticed an orc high priest
  4264 | Orc:2    | Noticed an orc high priest
  4312 | Orc:2    | Killed an orc high priest
  4315 | Orc:1    | Killed an orc high priest
  4470 | Orc:2    | Reached skill level 15 in Axes
  4495 | Orc:2    | Found Emicaun's Antique Armour Shoppe.
  4496 | Orc:2    | Found Puwirak's Antique Weapon Emporium.
  4497 | Orc:2    | Found Suoror's General Store.
  4497 | Orc:2    | Found Rerad's Book Shoppe.
  4501 | Orc:2    | Bought a potion of might for 64 gold pieces
  4658 | D:12     | Noticed a death knight
  4672 | D:12     | Killed a death knight
  4772 | D:12     | Noticed a two-headed ogre
  4781 | D:12     | Killed a two-headed ogre
  4966 | D:13     | Found a frozen archway.
  4969 | D:13     | Noticed Kirke
  4977 | D:13     | Reached skill level 10 in Fighting
  4998 | D:13     | Killed Kirke
  5039 | IceCv    | Entered an ice cave
  5092 | IceCv    | Reached ***** piety under Trog
  5149 | IceCv    | Reached skill level 16 in Axes
  5272 | IceCv    | Reached XP level 13. HP: 123/123 MP: 13/13
  5582 | IceCv    | Found an ancient bone altar of Kikubaaqudgha.
  5941 | D:15     | Entered Level 15 of the Dungeon
  6631 | D:11     | Bought the +7 fire dragon scales of Rudoerei {*Corrode +Fly rF++ rC- rN+++ Int+4} for 1425 gold pieces
  6824 | D:10     | Got a pair of fine gloves
  6842 | D:10     | Identified the cursed -5 pair of gloves of Compression {-Tele +Fly rElec Str+3} (You found it on level 10 of the Dungeon)
  6985 | D:10     | Found a staircase to the Lair.
  6994 | Lair:1   | Entered Level 1 of the Lair of Beasts
  7035 | Lair:1   | Reached skill level 17 in Axes
  7150 | Lair:3   | Found a staircase to the Shoals.
  7483 | Lair:4   | You fall through a shaft for 2 floors!
  7483 | Lair:6   | Entered Level 6 of the Lair of Beasts
  7925 | Lair:6   | Noticed nubinia's ghost (journeyman GrVM)
  8093 | Lair:3   | Reached skill level 18 in Axes
  8152 | Lair:2   | Gained mutation: You resist negative energy. (rN+) [Deep Dwarf growth]
  8152 | Lair:2   | Reached XP level 14. HP: 85/135 MP: 13/13
  8153 | Lair:2   | Noticed Exporg's ghost (journeyman MiFi)
  8531 | Lair:6   | Found a viscous altar of Jiyva.
  8532 | Lair:6   | Found a staircase to the Slime Pits.
  8680 | Lair:6   | Killed nubinia's ghost
  8952 | Lair:6   | Reached skill level 19 in Axes
  9001 | Lair:6   | Noticed Thomus's ghost (journeyman MiBe)
  9009 | Lair:6   | Killed from afar by a lindwurm

Skill      XL: |  1  2  3  4  5  6  7  8  9 10 11 12 13 14 |
---------------+-------------------------------------------+-----
Fighting       | 3 4 5 6 8 9 10 11 | 11.0
Armour         | 3 4 5 6 8 9 10 11 13 | 13.0
Axes           | 4 5 6 7 8 11 12 14 16 18 19 | 19.2
Dodging        | 3 4 5 6 |  6.2

Action                   |  1- 3 |  4- 6 |  7- 9 | 10-12 | 13-15 || total
-------------------------+-------+-------+-------+-------+-------++-------
Melee: Hand axe          |    32 |    82 |   276 |   274 |       ||   664
       Battleaxe         |       |       |       |   356 |   556 ||   912
Invok: Berserk           |     2 |     4 |    13 |    33 |    26 ||    78
       Trog's Hand       |       |     3 |     6 |    33 |    16 ||    58
       Brothers in Arms  |       |       |       |     1 |     1 ||     2
 Abil: Heal Wounds       |     1 |       |       |     2 |     6 ||     9
Evoke: Wand              |       |       |     3 |     9 |       ||    12
  Use: Scroll            |       |     1 |     1 |    15 |     9 ||    26
       Potion            |       |       |       |     1 |       ||     1
  Eat: Chunk             |       |     5 |    15 |    37 |    22 ||    79
       Fruit             |       |       |     4 |     4 |    12 ||    20
       Royal jelly       |       |       |     1 |     1 |     4 ||     6
       Bread ration      |       |       |       |     3 |     1 ||     4
Armor: Scale mail        |     4 |    47 |    42 |       |       ||    93
       Plate armour      |       |       |    91 |   302 |   142 ||   535
       Fire dragon scale |       |       |       |       |   207 ||   207
Dodge: Dodged            |    18 |    64 |   144 |   308 |   307 ||   841
Block: Other             |     8 |    25 |    58 |   123 |   123 ||   337
       Reflection        |       |       |       |     6 |     3 ||     9
